 Dungeon Crawl Stone Soup version 0.29-a0-334-gb41bcbb86e (webtiles) character file.

Game seed: 14385413536291029613

130 HendSelp the Poker (level 5, -3/40 HPs)
             Began as a Merfolk Gladiator on Apr 13, 2022.
             Slain by Grinder (9 damage)
             ... on level 3 of the Dungeon.
             The game lasted 00:01:56 (2419 turns).

HendSelp the Poker (Merfolk Gladiator)              Turns: 2419, Time: 00:01:57

Health: -3/40      AC:  4    Str: 17    XL:     5   Next: 13%
Magic:  5/5        EV: 13    Int:  7    God:
Gold:   135        SH:  0    Dex: 15    Spells: 4/4 levels left

rFire   . . .      SeeInvis .   a - +2 trident
rCold   . . .      Faith    .   (no shield)
rNeg    . . .      Spirit   .   b - +0 leather armour
rPois   .          Reflect  .   c - +0 helmet
rElec   .          Harm     .   (no cloak)
rCorr   .          Rampage  .   (no gloves)
Will    .....                   (no boots)
Stlth   +.........              (no amulet)
HPRegen 0.13/turn               (no ring)
MPRegen 0.09/turn               (no ring)

@: no status effects
A: (nimble swimmer 2), mertail
a: no special abilities


You were on level 3 of the Dungeon.
You visited 1 branch of the dungeon, and saw 3 of its levels.

You collected 135 gold pieces.

Inventory:

Hand Weapons
 a - a +2 trident (weapon)
Missiles
 d - a throwing net (quivered)
 e - a javelin
Armour
 b - a +0 leather armour (worn)
 c - a +0 helmet (worn)
Scrolls
 f - a scroll of immolation
 g - a scroll of enchant weapon
 h - a scroll of fear {unknown}
 n - a scroll of enchant armour {unknown}
Potions
 i - a potion of lignification {unknown}
 j - a potion of attraction {unknown}
 k - a potion of haste {unknown}
 l - 2 potions of curing {unknown}
 m - a potion of brilliance {unknown}
 o - a potion of ambrosia {unknown}


   Skills:
 * Level 2.9 Fighting
 * Level 6.6 Polearms
 - Level 2.0 Throwing
 + Level 4.7 Dodging


You had 4 spell levels left.
You didn't know any spells.
Your spell library contained the following spells:

 Spells                   Type           Power      Damage    Failure   Level
 Sublimation of Blood     Necr           0%         N/A       65%         2
 Wereblood                Tmut           0%         N/A       65%         2
 Summon Hydra             Summ           0%         N/A       100%        7


Dungeon Overview and Level Annotations

Branches:
Dungeon (3/15)

Altars:

Annotations:
D:3 Grinder


Innate Abilities, Weirdness & Mutations

((You are very nimble when in or above water. (Stealth+, EV+, Speed+++)))
Your lower body shifts to a powerful aquatic tail in water.


Message History

You barely miss Grinder. Grinder hits you!
You writhe in agony.
You are too injured to fight recklessly!
You are too injured to fight recklessly!
You are too injured to fight recklessly!
You are too injured to fight recklessly!
Unknown command.
Throw: 3 throwing nets
Press: ? - help, Q - select action, (/) - cycle Shift-Dir - straight line, f - Grinder
Aim: Grinder (57% to hit)
You throw a throwing net. The throwing net hits Grinder.
Grinder is caught in the net!
Grinder gestures at you. You resist with significant effort.
Grinder struggles against the net.
You puncture Grinder!
Grinder is lightly wounded.
You puncture Grinder!
Grinder is moderately wounded.
Grinder struggles against the net.
You barely miss Grinder.
Grinder is moderately wounded.
Grinder blinks!
You see here a throwing net.
d - 3 throwing nets (gained 1) Grinder gestures at you.
Pain shoots through your body!
* * * LOW HITPOINT WARNING * * *
Throw: 3 throwing nets
Press: ? - help, Q - select action, (/) - cycle Shift-Dir - straight line, f/p - Grinder
Aim: Grinder (moderately wounded, 57% to hit)
You throw a throwing net. The throwing net hits Grinder.
Grinder is caught in the net!
Grinder is moderately wounded.
Grinder blinks!
Throw: 2 throwing nets
Press: ? - help, Q - select action, (/) - cycle Shift-Dir - straight line, f/p - Grinder
Aim: Grinder (moderately wounded, 57% to hit)
You throw a throwing net.
The throwing net closely misses Grinder.
Grinder hits you!
You die...

#.############
#.# #.# # #.#
# #.######## #
####'#.....(#
#
#...........#
#
#........5..#
#
#.......@...+
+
######......#
# #..?...#
#######
#...(..#
#......
#......#
#.#.###
######## #.#.#
#######.#####
#............
#.#####.#####


You could see Grinder.

Vanquished Creatures
  A hound (D:2)
  3 adders
  4 dart slugs
  5 orcs (D:2)
  5 endoplasms
  2 giant cockroaches
  4 goblins
  5 hobgoblins
  3 quokkas
  3 ball pythons
  6 bats (D:1)
  8 frilled lizards (D:1)
  7 kobolds
  6 rats
62 creatures vanquished.

Notes
Turn   | Place    | Note
-------+----------+-------------------------------------------
     0 | D:1      | HendSelp the Merfolk Gladiator began the quest for the Orb.
     0 | D:1      | Reached XP level 1. HP: 16/16 MP: 1/1
    44 | D:1      | Reached XP level 2. HP: 21/22 MP: 2/2
   306 | D:1      | Reached XP level 3. HP: 28/28 MP: 3/3
   397 | D:1      | Reached skill level 5 in Polearms
   603 | D:2      | Reached XP level 4. HP: 31/34 MP: 4/4
   657 | D:2      | Reached skill level 6 in Polearms
  1704 | D:2      | Found a faded altar of an unknown god.
  1968 | D:3      | Reached XP level 5. HP: 38/40 MP: 5/5
  2405 | D:3      | Noticed Grinder
  2419 | D:3      | Slain by Grinder

Illustrated notes

Levels and vault maps discovered:
D:1:      psy_arrival_basics, layout_rooms, nrook_mini_vaults,
          grunt_decor_one_mirror, chequers_serial_rivers_micro_c
D:2:      layout_basic, shapermc_ecumenical_altar_mp_vishouse
D:3:      layout_basic, uniq_grinder

Skill      XL: |  1  2  3  4 |
---------------+-------------+-----
Polearms       | 5 6 |  6.6
Fighting       | |  2.9
Throwing       | |  2.0
Dodging        | |  4.7

Action                   |  1- 3 |  4- 6 || total
-------------------------+-------+-------++-------
Melee: Trident           |    62 |    79 ||   141
       Punch             |     1 |       ||     1
Throw: Throwing net      |       |     3 ||     3
  Use: Scroll            |     4 |     1 ||     5
 Stab: Sleeping          |     1 |     3 ||     4
Armor: Leather armour    |    13 |     7 ||    20
Dodge: Dodged            |    18 |    24 ||    42

Table legend: (Time is in decaauts)
 A = Elapsed time spent in this place.
 B = Non-inter-level travel time spent in this place.
 C = Inter-level travel time spent in this place.
 D = Time resting spent in this place.
 E = Time spent auto-exploring this place.
 F = Levels seen in this place.
 G = Mean time per level.
                   A        B        C        D        E       F      G
               +--------+--------+--------+--------+--------+-----+--------+
         Total |   2421 |   2365 |     56 |      0 |   2029 |   3 |  807.0 |
       Dungeon |   2421 |   2365 |     56 |      0 |   2029 |   3 |  807.0 |
               +--------+--------+--------+--------+--------+-----+--------+

Top non-repeatable levels by time:
     D:2: 1132 daAuts
     D:3: 696 daAuts
     D:1: 593 daAuts
